 Dungeon Crawl Stone Soup version 0.18-a0-824-g47fe746 (webtiles) character file.

14501 cluie the Frost Mage (level 11, -2/87 HPs)
             Began as a Demonspawn Ice Elementalist on Dec 17, 2015.
             Was an Initiate of Gozag.
             Slain by Gastronok (27 damage)
             ... on level 2 of the Lair of Beasts.
             The game lasted 00:32:12 (14840 turns).

cluie the Frost Mage (Demonspawn Ice Elementalist) Turns: 14840, Time: 00:32:12

Health: -2/87      AC: 22    Str:  8    XL:     11   Next: 89%
Magic:  4/23       EV: 20    Int: 18    God:    Gozag
Gold:   510        SH:  0    Dex: 14    Spells: 6 memorised, 8 levels left

rFire  . . .     SeeInvis +     H - +1 rapier (elec)
rCold  + + +     Gourm    .     z - +2 robe {rC+ rF+}
rNeg   . . .     Faith    .     (no shield)
rPois  .         Spirit   .     M - +1 helmet {SInv}
rElec  .         Dismiss  +     v - +1 cloak
rCorr  .         Reflect  .     K - +0 pair of gloves {archery}
SustAt .         Harm     .     (boots unavailable)
MR     .....                    J - amulet of dismissal
Stlth  ++........               k - +3 ring of evasion
                                F - ring of ice

@: icy armour, not resistant to hostile enchantments, unstealthy
A: talons 3, iridescent scales 2, cold resistance 1, dopey 1, freezing cloud
immunity
a: Potion Petition, Call Merchant, Bribe Branch, Renounce Religion


You were on level 2 of the Lair of Beasts.
You worshipped Gozag.
Gozag was noncommittal.
You were not hungry.

You visited 2 branches of the dungeon, and saw 13 of its levels.
You also visited: Sewer.

You collected 2329 gold pieces.
You spent 603 gold pieces at shops.
You paid 1216 gold pieces to Gozag.

Inventory:

Hand Weapons
 C - the +0 dagger "Vosenk" {pierce, rElec rPois Str-2 SInv}
   (You found it on level 4 of the Dungeon)

   It inflicts extra damage upon your enemies.
   It affects your strength (-2).
   It insulates you from electricity.
   It protects you from poison.
   It lets you see invisible.
 H - a +1 rapier of electrocution (weapon)
Missiles
 d - 3 throwing nets (quivered)
Armour
 v - a +1 cloak (worn)
 z - a +2 robe of resistance (worn)
 G - a troll hide
 K - a +0 pair of gloves of archery (worn)
 M - a +1 helmet of see invisible (worn)
Jewellery
 a - the ring "Fomo" {rPois rC+}
   (You found it on level 8 of the Dungeon)

   [ring of protection from cold]

   It protects you from cold.
   It protects you from poison.
 e - an uncursed ring of positive energy
 j - an uncursed ring of stealth
 k - a +3 ring of evasion (right hand)
 l - an uncursed ring of positive energy
 n - an uncursed ring of see invisible
 r - a +5 ring of strength
 F - a ring of ice (left hand)
 J - an amulet of dismissal (around neck)
Wands
 m - a wand of magic darts (22)
 q - a wand of polymorph (10)
 y - a wand of fire (5)
 A - a wand of frost (22)
 S - a wand of polymorph (17)
Scrolls
 i - 2 scrolls of magic mapping
 u - 4 scrolls of fog
 D - 6 scrolls of remove curse
 L - 4 scrolls of enchant weapon
 P - 3 scrolls of amnesia
 R - a scroll of fear
Potions
 g - 3 potions of brilliance
 h - 9 potions of curing
 o - a potion of lignification
 w - a potion of ambrosia
 x - 2 potions of flight
 B - 2 potions of haste
 E - a potion of magic
 I - a potion of berserk rage
 N - a potion of degeneration {unknown}
 Q - 2 potions of agility
 T - a potion of cure mutation {unknown}
Books
 b - a book of Frost

   Spells                             Type                      Level
   a - Freeze                         Ice                          1
   b - Throw Frost                    Conjuration/Ice              2
   c - Ozocubu's Armour               Charms/Ice                   3
   d - Throw Icicle                   Conjuration/Ice              4
   e - Summon Ice Beast               Ice/Summoning                4
   f - Condensation Shield            Ice                          4
 f - a book of Unlife

   Spells                             Type                      Level
   a - Recall                         Summoning/Translocation      3
   b - Animate Dead                   Necromancy                   4
   c - Control Undead                 Necromancy                   4
   d - Cigotuvi's Embrace             Necromancy                   5
   e - Death Channel                  Necromancy                   6
   f - Simulacrum                     Ice/Necromancy               6
Comestibles
 c - 6 bread rations
 p - a beef jerky
 s - 2 meat rations
 t - 14 fruits
 O - 8 royal jellies


   Skills:
 + Level 8.6 Fighting
 + Level 8.1 Dodging
 - Level 1.7 Stealth
 + Level 8.4 Spellcasting
 + Level 7.1 Conjurations
 - Level 4.3 Summonings
 + Level 8.8 Ice Magic


You had 8 spell levels left.
You knew the following spells:

 Your Spells              Type           Power        Failure   Level  Hunger
a - Freeze                Ice            ####         1%          1    None
b - Ozocubu's Armour      Chrm/Ice       #####...     4%          3    None
c - Summon Ice Beast      Ice/Summ       #####...     8%          4    ###....
d - Throw Icicle          Conj/Ice       ######..     3%          4    ###....
e - Condensation Shield   Ice            ######....   2%          4    ###....
f - Throw Frost           Conj/Ice       ######       1%          2    None


Dungeon Overview and Level Annotations

Branches:
Dungeon (11/15)            Temple (0/1) D:7            Lair (2/8) D:8
    Orc (0/2) D:10

Altars:
Ashenzari
Fedhas
Gozag
Okawaru
Pakellas
Qazlal
Ru
Sif Muna
Trog
The Shining One

Shops:
D:7 [   Lair:1 =

Annotations:
D:7 Prince Ribbit
D:10 Erolcha, Snorg
Lair:2 Gastronok


Innate Abilities, Weirdness & Mutations

You have claws for feet.
You are mostly covered in iridescent scales (AC +6).
Your flesh is cold resistant.
You are immune to freezing clouds.
You are dopey. (Int -2)


Message History

You hit Gastronok.
Gastronok is almost dead.
Gastronok is no longer moving somewhat quickly.
The rat bites you but does no damage. The river rat completely misses you.
The quokka misses you.
You puncture Gastronok! You claw Gastronok, but do no damage.
Gastronok is almost dead.
The quokka misses you. The rat bites you but does no damage.
The river rat closely misses you. Gastronok misses you.
The quokka bites you but does no damage.
You hit Gastronok. You claw Gastronok, but do no damage.
Gastronok is almost dead.
The rat completely misses you. The river rat completely misses you.
The quokka barely misses you. The rat barely misses you.
The river rat barely misses you.
You puncture Gastronok! You claw Gastronok.
Gastronok is almost dead.
The quokka completely misses you. Gastronok bites you!!
You die...
Your body crumbles into a pile of gold.

##... ##....#....P#
#..>.# ##....##....##
#.....####..#.###...#.#
##.....#.P..#####.....#.
#P.........## #.....###
#..!?....## ##..Y.###.
#......### #...### ##
##....r..# ##..##
#.....r@##..##.)##
##....rw#...w.D>#
#P.....r.......##
##.............#
##.........#..#
#....#..##...#
####.######..# ## ....
....


You could see Gastronok, a river rat, 2 quokkas and a rat.

Vanquished Creatures
  A hydra (Lair:2)
  Harold (Lair:1)
  Erica (Lair:1)
  A hill giant (D:9)
  Pikel (D:8)
  A griffon (Lair:1)
  A deep elf mage (D:9)
  2 spiny frogs (Lair:1)
  A queen bee (Lair:2)
  A freezing wraith (D:8)
  2 blink frogs (Lair:1)
  A spriggan (D:7)
  2 wyverns (D:9)
  10 yaks
  Eustachio (D:6)
  2 basilisks
  8 wolves
  A hippogriff (Lair:2)
  Menkaure (D:7)
  Edmund (D:5)
  3 water moccasins
  3 ice beasts
  2 slaves (D:8)
  Duvessa (D:4)
  A necrophage (D:7)
  6 porcupines
  A sky beast (D:8)
  3 ogres
  An orc warrior (D:9)
  A phantom (D:7)
  4 centaurs
  A big kobold (Sewer)
  7 crocodiles
  4 giant frogs
  13 killer bees
  Dowan (D:4)
  4 scorpions
  3 crimson imps
  A quasit (D:7)
  4 hounds
  3 jellies
  An orc priest (D:9)
  A centaur skeleton (D:5)
  2 hell rats (Lair:1)
  2 iguanas
  8 orc wizards
  8 worker ants
  6 sheep (Lair:1)
  2 hound skeletons
  2 worker ant zombies
  12 adders
  7 gnolls
  12 river rats
  3 shadow imps
  A white imp (D:9)
  An ooze (D:6)
  An adder zombie (D:6)
  6 worms
  3 adder skeletons
  13 giant geckos
  25 orcs
  10 bats
  5 giant cockroaches
  4 hobgoblins
  7 jackals
  5 quokkas
  3 giant newts
  12 goblins
  A goblin skeleton (D:9)
  2 goblin zombies (D:9)
  12 kobolds
  A kobold skeleton (D:9)
  An orc zombie (D:9)
  17 rats
303 creatures vanquished.

Vanquished Creatures (collateral kills)
  A two-headed ogre (D:8)
  A yak (D:8)
  A crocodile (D:7)
  A worker ant (D:7)
4 creatures vanquished.

Vanquished Creatures (others)
  A hungry ghost (D:8)
  A slave (D:8)
  An orc (D:9)
  A rat (D:8)
  3 fungi
  8 plants
15 creatures vanquished.

Grand Total: 322 creatures vanquished

Notes
Turn   | Place    | Note
--------------------------------------------------------------
     0 | D:1      | cluie the Demonspawn Ice Elementalist began the quest for the Orb.
     0 | D:1      | Reached XP level 1. HP: 13/13 MP: 3/3
   215 | D:1      | Gained mutation: You are partially covered in iridescent scales (AC +4). [demonic ancestry]
   215 | D:1      | Reached XP level 2. HP: 14/20 MP: 0/5
   649 | D:1      | Reached skill level 3 in Ice Magic
   911 | D:2      | Gained mutation: You have sharp toenails. [demonic ancestry]
   911 | D:2      | Reached XP level 3. HP: 21/25 MP: 3/6
   943 | D:2      | Learned a level 3 spell: Ozocubu's Armour
  1164 | D:2      | Found a blossoming altar of Fedhas.
  1170 | D:2      | Reached skill level 1 in Fighting
  1476 | D:3      | Reached XP level 4. HP: 24/32 MP: 0/8
  1678 | D:3      | Found a shattered altar of Ashenzari.
  1754 | D:3      | Learned a level 4 spell: Summon Ice Beast
  1855 | D:3      | Gained mutation: Your flesh is cold resistant. [demonic ancestry]
  1855 | D:3      | Reached XP level 5. HP: 34/38 MP: 9/9
  1858 | D:3      | ooh icemail
  2508 | D:4      | Noticed Dowan
  2528 | D:4      | Killed Dowan
  2529 | D:4      | Found an opulent altar of Gozag.
  2530 | D:4      | Noticed Duvessa
  2809 | D:4      | Reached skill level 1 in Summonings
  2888 | D:4      | Killed Duvessa
  2888 | D:4      | Reached skill level 4 in Ice Magic
  2888 | D:4      | Reached XP level 6. HP: 21/46 MP: 0/11
  2908 | D:4      | Became a worshipper of Gozag Ym Sagoz the Greedy
  3308 | D:4      | Got a slimy dagger
  3309 | D:4      | Identified the cursed +0 dagger "Vosenk" {pierce, rElec rPois Str-2 SInv} (You found it on level 4 of the Dungeon)
  3442 | D:5      | Entered Level 5 of the Dungeon
  3493 | D:5      | Gained mutation: You have razor-sharp toenails. [demonic ancestry]
  3493 | D:5      | Reached XP level 7. HP: 26/52 MP: 9/12
  3735 | D:5      | Found an oddly glowing altar of Pakellas.
  4361 | D:5      | Noticed Edmund
  4376 | D:5      | Killed Edmund
  4376 | D:5      | Gained mutation: You are mostly covered in iridescent scales (AC +6). [demonic ancestry]
  4376 | D:5      | Reached XP level 8. HP: 45/60 MP: 3/14
  4492 | D:6      | Noticed Eustachio
  4518 | D:6      | Killed Eustachio
  4518 | D:6      | Reached skill level 5 in Ice Magic
  4710 | D:6      | Found a glowing drain.
  4714 | Sewer    | Entered a sewer
  4845 | Sewer    | Found a white marble altar of Elyvilon.
  5453 | D:6      | Reached skill level 5 in Spellcasting
  5578 | D:6      | Learned a level 4 spell: Throw Icicle
  5583 | D:6      | Learned a level 4 spell: Condensation Shield
  5764 | D:6      | Noticed a moth of wrath
  5766 | D:6      | Found a bloodstained altar of Trog.
  5858 | D:7      | Reached skill level 5 in Dodging
  5902 | D:7      | Found a deep blue altar of Sif Muna.
  5946 | D:7      | Reached skill level 5 in Fighting
  5948 | D:7      | Reached XP level 9. HP: 54/68 MP: 15/17
  6012 | D:7      | Bought a pair of runed gloves for 112 gold pieces
  6150 | D:7      | Noticed Menkaure
  6164 | D:7      | Killed Menkaure
  6260 | D:7      | Found an iron altar of Okawaru.
  6260 | D:7      | Noticed Prince Ribbit
  6300 | D:7      | Found a staircase to the Ecumenical Temple.
  6452 | D:7      | Reached skill level 6 in Ice Magic
  6547 | D:7      | Bought a runed helmet for 112 gold pieces
  6613 | D:8      | Found a sacrificial altar of Ru.
  6780 | D:8      | Noticed Pikel
  6802 | D:8      | Killed Pikel
  7091 | D:8      | Found a staircase to the Lair.
  7241 | D:7      | Gained mutation: You have claws for feet. [demonic ancestry]
  7241 | D:7      | Reached XP level 10. HP: 19/76 MP: 3/19
  7665 | D:8      | Got a clouded lead ring
  7693 | D:8      | Identified the ring "Fomo" {rPois rC+} (You found it on level 8 of the Dungeon)
  8394 | D:7      | Bought a pair of steaming gloves for 237 gold pieces
  8394 | D:7      | Bought a thick robe for 142 gold pieces
  8404 | D:7      | Identified the cursed -1 pair of gloves of the Iron Devil {rN+ Int+2} (You bought it in a shop on level 7 of the Dungeon)
  8415 | D:7      | Identified the +2 robe of the Game of Kings {Str+5} (You bought it in a shop on level 7 of the Dungeon)
  8486 | D:9      | Reached skill level 7 in Ice Magic
  8491 | D:9      | Learned a level 2 spell: Throw Frost
  8610 | D:9      | Found a glowing golden altar of the Shining One.
  8800 | D:9      | Reached skill level 5 in Conjurations
  8807 | D:9      | Noticed a deep elf mage
  8809 | D:9      | FUCK
  8811 | D:10     | Entered Level 10 of the Dungeon
  8811 | D:10     | Noticed a hill giant
  8812 | D:10     | FUCK
  8818 | D:10     | Noticed Snorg
  8822 | D:11     | Noticed a hill giant
  8840 | D:10     | Noticed a hill giant
  9721 | D:9      | Gained mutation: You are dopey. (Int -2) [a neqoxec]
  9722 | D:9      | NO
  9722 | D:9      | Killed a deep elf mage
  9823 | D:9      | Found a glowing golden altar of the Shining One.
 10070 | D:10     | Noticed Erolcha
 10465 | D:9      | Killed a hill giant
 10562 | D:10     | Found a staircase to the Orcish Mines.
 10562 | D:10     | Noticed a centaur warrior
 10563 | D:10     | ...
 10873 | Lair:1   | Entered Level 1 of the Lair of Beasts
 10985 | Lair:1   | Noticed Erica
 10996 | Lair:1   | Killed Erica
 10996 | Lair:1   | Gained mutation: You are immune to freezing clouds. [demonic ancestry]
 10996 | Lair:1   | Reached XP level 11. HP: 56/84 MP: 9/22
 11030 | Lair:1   | Found a stormy altar of Qazlal.
 11217 | Lair:1   | HP: 2/84 [river rat (6)]
 11560 | Lair:1   | Noticed Harold
 12196 | Lair:1   | Killed Harold
 12196 | Lair:1   | Reached skill level 8 in Ice Magic
 12380 | Lair:1   | HP: 3/86 [griffon (6)]
 12919 | Lair:2   | Noticed Gastronok
 12920 | Lair:2   | ooh ponderinghat
 12920 | Lair:2   | ...hahahhaa nope
 12933 | Lair:2   | Noticed a seven-headed hydra
 13330 | Lair:2   | Killed a seven-headed hydra
 13499 | Lair:1   | I Have No Tele Scrolls And I Must Scream
 14840 | Lair:2   | Slain by Gastronok

Vault maps used:
D:1:      dpeg_arrival_stonehenge_8_columns
D:2:      fedhas_altar_fruit_tree
D:3:      cheibrodos_ashenzari_chains
D:4:      old_standard_altar, first_bread, uniq_duvessa
D:5:      johnstein_pakellas_death_squad, kennysheep_generic_room_10,
          uniq_edmund
D:6:      tgw_trog, gup_sewer_entry_spiral, uniq_eustachio
D:7:      led_sif_book, nicolae_overflow_hidden_temple, temple_hall, the_bakery,
          uniq_menkaure, uniq_prince_ribbit1
D:8:      overflow_temple_1_default, minmay_lair_entry_grove, uniq_pikel
D:9:      basic_altar, nicolae_tso_besieged_by_evil
D:10:     uniq_snorg, uniq_erolcha, uniq_grum
D:11:     fountainhead
Lair:1:   kennysheep_rathole, basic_altar, lemuel_fruit_tree,
          grunt_megastairs_2, infiniplex_staircase_pool, uniq_erica, uniq_harold
Lair:2:   special_room, uniq_gastronok
Sewer:    sewer_kobolds

Action                   |  1- 3 |  4- 6 |  7- 9 | 10-12 || total
-------------------------+-------+-------+-------+-------++-------
Melee: Unarmed           |    55 |       |       |       ||    55
       Dagger            |    51 |    64 |       |       ||   115
       Mace              |       |    45 |    57 |       ||   102
       Rapier            |       |       |   296 |   621 ||   917
 Cast: Freeze            |    45 |    32 |    74 |    77 ||   228
       Ozocubu's Armour  |       |     2 |     6 |    12 ||    20
       Throw Icicle      |       |       |     5 |    33 ||    38
       Summon Ice Beast  |       |       |     4 |     5 ||     9
       Throw Frost       |       |       |       |    13 ||    13
       Condensation Shie |       |       |       |     6 ||     6
Invok: Call Merchant     |       |       |     1 |     1 ||     2
       Potion Petition   |       |       |       |     1 ||     1
Evoke: Wand              |       |       |    13 |     4 ||    17
  Use: Scroll            |       |    12 |    11 |     8 ||    31
       Potion            |       |       |       |     3 ||     3
 Stab: Sleeping          |     3 |     7 |     6 |     1 ||    17
       Distracted        |       |       |       |     3 ||     3
  Eat: Chunk             |     2 |     5 |     1 |       ||     8
       Fruit             |       |     1 |     1 |       ||     2
       Pizza             |       |       |     2 |     2 ||     4
       Bread ration      |       |       |     3 |     3 ||     6
       Meat ration       |       |       |       |     3 ||     3
       Beef jerky        |       |       |       |     1 ||     1
